 Dungeon Crawl Stone Soup version 0.24.0-123-gd5b16e6ec5 (webtiles) character file.

Game seed: 1735350783586028805, levelgen mode: deterministic

47 DeadFury222 the Cutter (level 3, -3/24 HPs)
             Began as a Kobold Berserker on Jan 11, 2020.
             Was a Believer of Trog.
             Slain by an ice beast (10 damage)
             ... on level 5 of the Dungeon.
             The game lasted 00:04:22 (1997 turns).

DeadFury222 the Cutter (Kobold Berserker)           Turns: 1997, Time: 00:04:22

Health: -3/24      AC:  4    Str: 15    XL:     3   Next: 97%
Magic:  3/3        EV: 15    Int:  8    God:    Trog [**....]
Gold:   95         SH:  0    Dex: 14    Spells: 2/2 levels left

rFire    . . .     SeeInvis .   a - +0 short sword
rCold    . . .     Gourm    .   (shield restricted)
rNeg     . . .     Faith    .   h - +0 leather armour (curse)
rPois    .         Spirit   .   (no helmet)
rElec    .         Reflect  .   (no cloak)
rCorr    .         Harm     .   j - +0 pair of gloves
MR       .....                  (no boots)
Stlth    +.........             (no amulet)
HPRegen  0.08/turn              k - ring of wizardry
MPRegen  0.08/turn              (no ring)

@: no status effects
A: small, carnivore
a: Berserk, Trog's Hand, Renounce Religion


You were on level 5 of the Dungeon.
You worshipped Trog.
Trog was pleased with you.
You were completely stuffed.

You visited 1 branch of the dungeon, and saw 4 of its levels.

You collected 95 gold pieces.

Inventory:

Hand Weapons
 a - a +0 short sword (weapon)
Armour
 b - a +0 animal skin
 f - a +0 shield
 h - a cursed +0 leather armour (worn)
 j - a +0 pair of gloves (worn)
Jewellery
 k - a ring of wizardry (left hand)
Scrolls
 g - a scroll of fog {unknown}
 i - a scroll of magic mapping
 l - a scroll of enchant armour {unknown}
 m - a scroll of blinking {unknown}
Potions
 d - a potion of lignification {unknown}
 e - a potion of heal wounds {unknown}
 n - a potion of berserk rage {unknown}
Comestibles
 c - 2 rations
 o - 3 chunks of flesh


   Skills:
 + Level 3.7 Fighting
 * Level 5.1 Short Blades
 - Level 1.5 Armour
 + Level 3.1 Dodging


You had 2 spell levels left.
You didn't know any spells.
Your spell library was empty.

Dungeon Overview and Level Annotations

Branches:
Dungeon (3/15)

Altars:
Dithmenos
Gozag
Ru
Uskayaw


Innate Abilities, Weirdness & Mutations

You are small and have problems with some larger weapons.
You are carnivorous and can eat meat at any time.


Message History

You hit the hound.
The hound is almost dead.
The hound bites you. The ice beast misses you.
You hit the hound but do no damage.
The hound is almost dead.
The hound bites you.
* * * LOW HITPOINT WARNING * * *
The ice beast misses you.
You closely miss the hound.
The hound is almost dead.
The hound barely misses you. The ice beast barely misses you.
You completely miss the hound.
The hound is almost dead.
The hound closely misses you. The hound misses you.
You closely miss the hound.
The hound is almost dead.
The ice beast hits you.
* * * LOW HITPOINT WARNING * * *
The ice beast freezes you!
You die...

####.# #.#
#.# #.#
#Y#######
#.......#
#######.#
#.#########.#
#.....Y@h...#
#############


You could see an ice beast and a hound.

Vanquished Creatures
  A worm (D:2)
  A dart slug (D:2)
  A leopard gecko (D:2)
  4 orcs
  2 ball pythons (D:1)
  3 bats
  A giant cockroach (D:1)
  3 goblins
  4 hobgoblins
  5 kobolds
  2 quokkas (D:2)
  4 frilled lizards
  3 rats
34 creatures vanquished.

Notes
Turn   | Place    | Note
-------+----------+-------------------------------------------
     0 | D:1      | DeadFury222 the Kobold Berserker began the quest for the
                  | Orb.
     0 | D:1      | Reached XP level 1. HP: 14/14 MP: 1/1
   186 | D:1      | Reached XP level 2. HP: 15/19 MP: 2/2
   945 | D:2      | Reached XP level 3. HP: 22/23 MP: 3/3
  1031 | D:2      | Found an opulent altar of Gozag.
  1031 | D:2      | Found a shadowy altar of Dithmenos.
  1292 | D:2      | Found a sacrificial altar of Ru.
  1559 | D:2      | Reached skill level 5 in Short Blades
  1683 | D:3      | Reached ** piety under Trog
  1863 | D:3      | Found a hide-covered altar of Uskayaw.
  1936 | D:3      | You fall into a shaft and drop 2 floors!
  1936 | D:5      | Entered Level 5 of the Dungeon
  1963 | D:5      | Noticed an ice beast
  1997 | D:5      | Slain by an ice beast

Levels and vault maps discovered:
D:1:      dpeg_arrival_simpleton_b, layout_rooms
D:2:      layout_loops_ring, lemuel_coloured_pillars_altar,
          gammafunk_temple_overflow_elements
D:3:      layout_loops_ring, makhleb_blood_cavern_becter,
          nicolae_overflow_crystal_walls, chequers_ecumenical_altar_simple
D:5:      layout_basic, chequers_garden, uniq_edmund

Skill      XL: |  1  2  3 |
---------------+----------+-----
Dodging        | 3 |  3.1
Short Blades   | 5 |  5.1
Fighting       | |  3.7
Armour         | |  1.5

Action                   || total
-------------------------++-------
Melee: Short sword       ||   165
  Use: Scroll            ||     1
 Stab: Sleeping          ||     1
  Eat: Chunk             ||    12
Armor: Animal skin       ||     9
       Leather armour    ||    16
Dodge: Dodged            ||   131
